 Dungeon Crawl Stone Soup version 0.20-a0-710-g71b569a (webtiles) character file.

144 HallandMoats the Skirmisher (level 5, -1/42 HPs)
             Began as a Demonspawn Monk on Feb 21, 2017.
             Slain by a phantom (7 damage)
             ... on level 4 of the Dungeon.
             The game lasted 00:04:23 (2562 turns).

HallandMoats the Skirmisher (Demonspawn Monk)       Turns: 2562, Time: 00:04:23

Health: -1/42      AC:  4    Str: 11    XL:     5   Next: 5%
Magic:  5/5        EV: 13    Int: 11    God:
Gold:   146        SH:  2    Dex: 17    Spells: 4/4 levels left

rFire    . . .     SeeInvis .   a - +1 hand axe
rCold    . . .     Gourm    .   o - -1 robe (curse)
rNeg     . . .     Faith    .   (no shield)
rPois    .         Spirit   .   (helmet restricted)
rElec    .         Reflect  +   (no cloak)
rCorr    .         Harm     .   (no gloves)
MR       .....                  k - +2 pair of boots
Stlth    +++.......             x - +2 amulet of reflection
Regen    0.2/turn               (no ring)
MPRegen  0.1/turn               (no ring)

@: no status effects
A: horns 2, nightstalker 1, spiny 1
a: no special abilities


You were on level 4 of the Dungeon.
You were not hungry.

You visited 1 branch of the dungeon, and saw 4 of its levels.

You collected 146 gold pieces.

Inventory:

Hand Weapons
 a - a +1 hand axe (weapon)
Armour
 b - a +0 robe
 k - a +2 pair of boots (worn)
 o - a cursed -1 robe (worn)
Jewellery
 x - a +2 amulet of reflection (around neck)
Wands
 s - a wand of confusion (25/48)
Scrolls
 q - a scroll of fear
 v - 3 scrolls of amnesia
 w - a scroll of enchant armour
Potions
 d - 2 potions of might
 e - a potion of magic {unknown}
 f - 2 potions of flight {unknown}
 g - a potion of mutation {unknown}
 i - a potion of resistance {unknown}
 j - 2 potions of heal wounds {unknown}
 p - 2 potions of haste {unknown}
 t - a potion of curing {unknown}
Comestibles
 c - 2 bread rations
 m - a chunk of flesh
 n - a royal jelly
 r - a meat ration


   Skills:
 * Level 4.2 Fighting
 * Level 3.7 Axes
 + Level 1.6 Armour
 + Level 3.0 Dodging
 - Level 1.7 Stealth


You had 4 spell levels left.
You didn't know any spells.

Dungeon Overview and Level Annotations

Branches:
Dungeon (4/15)
 Temple: D:4-7

Altars:


Innate Abilities, Weirdness & Mutations

You have a pair of horns on your head.
You are slightly more attuned to the shadows.
You are partially covered in sharp spines.


Message History

You hit the phantom.
The phantom is moderately damaged.
The phantom hits you.
The phantom blinks!
The phantom is struck by your spines. The phantom closely misses you.
You hit the phantom.
The phantom is heavily damaged.
The phantom hits you but does no damage.
You hit the phantom but do no damage. Your headbutt misses the phantom.
The phantom is heavily damaged.
The phantom is struck by your spines. The phantom hits you.
The phantom blinks!
You hit the phantom.
The phantom is heavily damaged.
The phantom closely misses you.
You hit the phantom but do no damage. Your headbutt misses the phantom.
The phantom is heavily damaged.
The phantom hits you!
* * * LOW HITPOINT WARNING * * *
The phantom blinks!
The phantom hits you!
You die...

#########>.....
#............#
#............#
#............#
#...........^#
#............#
#............#
#.........W..#
#...†......@.#
+...††.......#
#............#
#........$...#
#............#
#########......####
#.....<##......#
#.###..........#
#..........#+##


You could see a phantom.

Vanquished Creatures
  An orc wizard (D:3)
  An adder (D:3)
  2 oozes
  3 dart slugs (D:1)
  2 worms
  A leopard gecko (D:2)
  3 orcs (D:3)
  A ball python (D:3)
  3 giant cockroaches
  8 goblins
  5 hobgoblins
  14 jackals
  12 kobolds
  2 quokkas (D:2)
  11 bats
  6 frilled lizards
  4 rats
79 creatures vanquished.

Notes
Turn   | Place    | Note
-------+----------+-------------------------------------------
     0 | D:1      | HallandMoats the Demonspawn Monk began the quest for the Orb.
     0 | D:1      | Reached XP level 1. HP: 18/18 MP: 1/1
   157 | D:1      | Gained mutation: You are partially covered in sharp spines. [demonic ancestry]
   157 | D:1      | Reached XP level 2. HP: 23/24 MP: 2/2
   445 | D:1      | Gained mutation: You are slightly more attuned to the shadows. [demonic ancestry]
   445 | D:1      | Reached XP level 3. HP: 27/29 MP: 3/3
   599 | D:1      | Reached skill level 1 in Armour
  1050 | D:2      | Gained mutation: You have a pair of small horns on your head. [demonic ancestry]
  1050 | D:2      | Reached XP level 4. HP: 20/37 MP: 4/4
  1759 | D:3      | Reached skill level 4 in Fighting
  2379 | D:3      | Gained mutation: You have a pair of horns on your head. [demonic ancestry]
  2379 | D:3      | Reached XP level 5. HP: 42/42 MP: 5/5
  2534 | D:4      | Noticed a phantom
  2562 | D:4      | Slain by a phantom

Vault maps used:
D:1:      arrival_zaba_pyramid
D:3:      hangedman_glass_teeth
D:4:      first_bread, grunt_decor_one_mirror,
          nicolae_dithmenos_through_a_glass_darkly

Skill      XL: |  1  2  3  4 |
---------------+-------------+-----
Axes           | 3 |  3.7
Armour         | 1 |  1.6
Fighting       | 4 |  4.2
Dodging        | 3 |  3.0
Stealth        | |  1.7

Action                   |  1- 3 |  4- 6 || total
-------------------------+-------+-------++-------
Melee: Hand axe          |    86 |    76 ||   162
       Headbutt          |       |    10 ||    10
  Use: Scroll            |       |     9 ||     9
 Stab: Sleeping          |     5 |     6 ||    11
  Eat: Chunk             |       |     5 ||     5
Armor: Robe              |    15 |    20 ||    35
Dodge: Dodged            |    58 |    41 ||    99
Block: Other             |       |     2 ||     2
